[Event "*** Titled Tuesday Blitz"]
[Site "Chess.com"]
[Date "2020.04.14"]
[Round "8"]
[White "1lec"]
[Black "jwillz14"]
[Result "0-1"]
[WhiteElo "2157"]
[BlackElo "2391"]
[TimeControl "180+1"]
[EndTime "11:27:29 PDT"]
[Termination "jwillz14 won by resignation"]

1. e4 c6 2. Nc3 d5 3. Nf3 Bg4 4. h3 Bxf3 5. Qxf3 e6 6. g3 Nd7 7. Bg2 Bd6 8. O-O Ne7 9. d4 O-O 10. e5 Bc7 11. Nd1 c5 12. c3 Nc6 13. Be3 cxd4 14.
cxd4 Bb6 15. Qg4 f5 16. exf6 Qxf6 17. Bxd5 exd5 18. Qxd7 Rad8 19. Qxb7 Nxd4 20. Nc3 Nf3+ 21. Kg2 d4 22. Ne4 Qg6 23. Bd2 Rf7 0-1

[Event "*** Titled Tuesday Blitz"]
[Site "Chess.com"]
[Date "2020.04.14"]
[Round "8"]
[White "kungmongmanh"]
[Black "Alonmindlin"]
[Result "1-0"]
[WhiteElo "2588"]
[BlackElo "2693"]
[TimeControl "180+1"]
[EndTime "11:27:30 PDT"]
[Termination "kungmongmanh won by resignation"]

1. d4 Nf6 2. c4 e6 3. Nc3 Bb4 4.
Qc2 Nc6 5. Nf3 d6 6. Bg5 h6 7. Bxf6 Qxf6 8. e3 e5 9. d5 Bxc3+ 10. Qxc3 Ne7 11. Nd2 O-O 12. Bd3 c6 13. Ne4 Qg6 14. Ng3 f5 15. Qb3 cxd5 16. cxd5 b6 17. Rc1 e4 18.
Be2 Bb7 19. Rc7 Bxd5 20. Bc4 Bxc4 21. Qxc4+ d5 22. Qb4 Nc6 23. Qb5 Rac8 24. Qxd5+ Kh7 25. Rxc8 Rxc8 26. Qxf5 Nb4 27. Qxc8 Nd3+ 28. Ke2 Qg4+ 29. Qxg4 1-0

[Event "*** Titled Tuesday Blitz"]
[Site "Chess.com"]
[Date "2020.04.14"]
[Round "8"]
[White "praveenb2002"]
[Black "Micki-taryan"]
[Result "0-1"]
[WhiteElo "2687"]
[BlackElo "3092"]
[TimeControl "180+1"]
[EndTime "11:27:31 PDT"]
[Termination "Micki-taryan won by resignation"]

1. d4 Nf6 2. c4 e6 3. Nf3 b6 4. g3 Ba6 5. b3 Bb4+ 6. Bd2 Be7 7. Bg2 c6 8. O-O d5 9. Ne5 Nfd7 10.
Qc2 Nxe5 11. dxe5 Nd7 12. f4 O-O 13. Nc3 b5 14. cxb5 cxb5 15. a3 Rc8 16. Qb2 f6 17.
Bh3 Qb6+ 18. e3 fxe5 19. Nxd5 exd5 20. Bxd7 Rcd8 21. Bh3 exf4 22. gxf4 Bf6 23. Qc2 Bxa1 24. Rxa1 d4 25. Re1 Bb7 26. exd4 Qxd4+ 27. Be3 Qd5 28. Bg2 Qxg2+ 29. Qxg2 Bxg2 30. Kxg2 Rfe8 31.
Kf2 Rd3 32. Bxa7 Rxe1 33. Kxe1 Rxb3 34. Bc5 Rh3 35. Kf2 Rxh2+ 36. Kg3 Rc2 37. Bb4 Kf7 38.
Kg4 g6 39. Bd6 h5+ 40. Kg3 Rd2 41. Bb4 Rd3+ 42. Kh4 Kf6 43. Bc5 Kf5 44. Bf8 Kxf4 45. Bh6+ Kf5 46. Bc1 Rc3 47. Bd2 Rxa3 48. Bf4 g5+ 49.
Bxg5 Rh3+ 0-1

[Event "*** Titled Tuesday Blitz"]
[Site "Chess.com"]
[Date "2020.04.14"]
[Round "8"]
[White "Efremov_Vlad"]
[Black "diskeleven"]
[Result "0-1"]
[WhiteElo "2153"]
[BlackElo "2333"]
[TimeControl "180+1"]
[EndTime "11:27:33 PDT"]
[Termination "diskeleven won by resignation"]

1. c4 c5 2. Nf3 g6 3. Nc3 Bg7 4. a3 Nc6 5. b4 cxb4 6. axb4 Nxb4 7. Qb3 Nc6 8. g3 Nh6 9. Bg2 Nf5 10. O-O O-O 11. d3 d6 12. Bd2 Nfd4 13. Nxd4 Nxd4 14.
Qb4 Nc2 15. Qb3 Nxa1 16. Rxa1 e6 17. Ra2 Qe7 18. Nb5 a6 19. Bb4 Rd8 20. Nxd6 Rxd6 21. Qa3 Bf8 22. e4 Qd8 23. Bxd6 Qxd6 24. Qb3 Qd4 25.
Ra5 Bc5 26. Qc2 b6 27. Ra2 Bb7 28. h4 a5 29. h5 Rd8 30. hxg6 hxg6 31. Bf1 Bc6 32. Qe2 Kg7 33. Qg4 Rh8 34. Qg5 f6 35.
Qg4 f5 36. Qf4 e5 37. Qg5 fxe4 38. Bg2 Rh5 39. Qg4 Rf5 0-1

[Event "*** Titled Tuesday Blitz"]
[Site "Chess.com"]
[Date "2020.04.14"]
[Round "8"]
[White "Anton_Demchenko"]
[Black "ErikRonka"]
[Result "1-0"]
[WhiteElo "2920"]
[BlackElo "2415"]
[TimeControl "180+1"]
[EndTime "11:27:35 PDT"]
[Termination "Anton_Demchenko won by checkmate"]

1. d4 d5 2. Nf3 Nf6 3. c4 c6 4. e3 g6 5. Nc3 Bg7 6. Be2 O-O 7.
O-O dxc4 8. Bxc4 Bg4 9. h3 Bxf3 10. Qxf3 Nbd7 11. Rd1 e5 12. Bb3 exd4 13. exd4 Re8 14. Bf4 Qe7 15. d5 cxd5 16. Nxd5 Nxd5 17. Rxd5 Bxb2 18.
Rad1 Nb6 19. Bg5 Qe4 20. Qxf7+ Kxf7 21. Rd7+ Kf8 22. Bh6+ Bg7 23. Bxg7# 1-0

[Event "*** Titled Tuesday Blitz"]
[Site "Chess.com"]
[Date "2020.04.14"]
[Round "8"]
[White "katchesskat"]
[Black "GMJustin"]
[Result "1-0"]
[WhiteElo "2221"]
[BlackElo "2306"]
[TimeControl "180+1"]
[EndTime "11:27:36 PDT"]
[Termination "katchesskat won on time"]

1. c4 e5 2. e3 c6 3. a3 d5 4. Qc2 Nf6 5. b4 Bd6 6. d3 O-O 7. Nd2 Bf5 8. Bb2 e4 9. dxe4 Nxe4 10. Bd3 Nxd2 11. Qxd2 Bxd3 12. Qxd3 dxc4 13. Qxc4 Qg5 14. Nf3 Qg6 15. h4 Nd7 16. h5 Qe6 17. Qxe6 fxe6 18. Rd1 1-0

[Event "*** Titled Tuesday Blitz"]
[Site "Chess.com"]
[Date "2020.04.14"]
[Round "8"]
[White "Stormeman100100"]
[Black "dcann0n88"]
[Result "0-1"]
[WhiteElo "2443"]
[BlackElo "2311"]
[TimeControl "180+1"]
[EndTime "11:27:42 PDT"]
[Termination "dcann0n88 won by resignation"]

1. e4 c5 2. Nf3 e6 3. d4 cxd4 4. Nxd4 Nf6 5. Nc3 d6 6. Be3 a6 7. f3 b5 8. g4 b4 9. Na4 h6 10. Qd2 Nbd7 11. O-O-O Qa5 12. b3 Nc5 13. a3 Nxa4 14.
axb4 Qc7 15. bxa4 Bd7 16. a5 Be7 17. Kb2 O-O 18. h4 Rfb8 19. g5 Nh5 20. gxh6 Qxa5 21.
c3 g6 22. Bg5 Bf8 23. Nb3 Qc7 24. e5 d5 25. f4 a5 26. Be2 axb4 27. Bxh5 bxc3+ 28. Qxc3 Ra2+ 29. Kxa2 Qxc3 0-1

[Event "*** Titled Tuesday Blitz"]
[Site "Chess.com"]
[Date "2020.04.14"]
[Round "8"]
[White "OK97"]
[Black "MaxVavulin"]
[Result "1-0"]
[WhiteElo "2738"]
[BlackElo "2556"]
[TimeControl "180+1"]
[EndTime "11:27:44 PDT"]
[Termination "OK97 won by resignation"]

1. Nf3 g6 2. e4 Bg7 3. d4 d6 4. Nc3 a6 5. Be3 b5 6. Bd3 Bb7 7. a4 b4 8. Nb1 Nd7 9. a5 c5 10. c3 Ngf6 11. Nbd2 O-O 12. O-O Qc7 13. h3 bxc3 14.
bxc3 Rab8 15. Qe2 Rfc8 16. Bxa6 Bxa6 17. Qxa6 Ra8 18. Qb5 Rcb8 19. Qa4 Ra6 20. Ra2 Rba8 21. Rfa1 cxd4 22. cxd4 Rxa5 23. Qxa5 Rxa5 24. Rxa5 h6 25. Ra7 Qc6 26. d5 Qc2 27. Nd4 Qc3 28. Nc6 Nc5 29. Nxe7+ Kh7 30. R7a3 Qc4 31. Nxc4 1-0

[Event "*** Titled Tuesday Blitz"]
[Site "Chess.com"]
[Date "2020.04.14"]
[Round "8"]
[White "ridnani2021"]
[Black "ApacheSVD"]
[Result "1-0"]
[WhiteElo "1894"]
[BlackElo "2353"]
[TimeControl "180+1"]
[EndTime "11:27:46 PDT"]
[Termination "ridnani2021 won by resignation"]

1. e4 c5 2. Nc3 a6 3. g3 b5 4. Bg2 Bb7 5. d4 cxd4 6. Qxd4 e6 7.
Nf3 Nc6 8. Qd1 Rc8 9. Be3 Nf6 10. O-O Bb4 11. e5 Ng4 12. Bd4 Nxd4 13. Qxd4 Bxc3 14. Qxg4 Bxb2 15. Qxg7 Rf8 16. Rad1 Rxc2 17. Ng5 Bxg2 18.
Nxh7 Ba3 19. Nf6+ Ke7 20. Rxd7+ Qxd7 21. Nxd7 Kxd7 22. Kxg2 Rxa2 23. Rd1+ Kc6 24. Qg4 Bc5 25. Qe4+ Kb6 26. Rf1 b4 27. h4 Rd8 28. h5 Rdd2 29. h6 Rxf2+ 30. Rxf2 Rxf2+ 31. Kh3 Rf5 32. g4 1-0

[Event "*** Titled Tuesday Blitz"]
[Site "Chess.com"]
[Date "2020.04.14"]
[Round "8"]
[White "bracuarta"]
[Black "Qingdom"]
[Result "1-0"]
[WhiteElo "2197"]
[BlackElo "2084"]
[TimeControl "180+1"]
[EndTime "11:27:48 PDT"]
[Termination "bracuarta won by resignation"]

1. d4 Nf6 2. c4 c5 3. d5 e6 4. Nc3 exd5 5. cxd5 d6 6. e4 g6 7. f4 Bg7 8. Bb5+ Nfd7 9. a4 O-O 10. Nf3 Na6 11.
O-O Nc7 12. Bd3 a6 13. Bd2 Rb8 14. Qe2 Re8 15. Rae1 f5 16. e5 dxe5 17. fxe5 b5 18. Bg5 Bf6 19. exf6 Rxe2 20. f7+ Kxf7 21. Bxd8 Rxe1 22.
Rxe1 Rb7 23. Bxc7 Rxc7 24. axb5 c4 25. Bf1 Nc5 26. d6 Rd7 27. Ne5+ Kf6 28. Nxd7+ Bxd7 29.
bxa6 Nxa6 30. Bxc4 Nc5 31. b4 Na4 32. Nxa4 Bxa4 33. b5 f4 34. d7 1-0

[Event "*** Titled Tuesday Blitz"]
[Site "Chess.com"]
[Date "2020.04.14"]
[Round "8"]
[White "Muracle"]
[Black "CookiesAndIceCream"]
[Result "1-0"]
[WhiteElo "2692"]
[BlackElo "2382"]
[TimeControl "180+1"]
[EndTime "11:27:50 PDT"]
[Termination "Muracle won by resignation"]

1. e4 e6 2. Nf3 d5 3. exd5 exd5 4.
d4 Bd6 5. c4 Nf6 6. c5 Be7 7.
Nc3 O-O 8. h3 b6 9. cxb6 axb6 10. Bd3 c5 11. O-O c4 12. Bc2 Nc6 13. Re1 Be6 14. Bf4 h6 15. Ne5 Nxe5 16. dxe5 Ne8 17. Nb5 Nc7 18. Nd4 Qd7 19. Qh5 Bc5 20. Bxh6 g6 21.
Qh4 f5 22. exf6 Bxd4 23. Qxd4 Rf7 24. Bxg6 1-0

[Event "*** Titled Tuesday Blitz"]
[Site "Chess.com"]
[Date "2020.04.14"]
[Round "8"]
[White "silverback96"]
[Black "Semetey"]
[Result "0-1"]
[WhiteElo "2239"]
[BlackElo "2555"]
[TimeControl "180+1"]
[EndTime "11:27:53 PDT"]
[Termination "Semetey won by checkmate"]

1. d4 g6 2. c4 Bg7 3. Nf3 d6 4. Nc3 Nd7 5. g3 e5 6. Bg2 Ne7 7. O-O O-O 8. e4 exd4 9. Nxd4 Nc6 10. Nde2 Nc5 11. Rb1 a5 12. Be3 Be6 13. b3 a4 14.
Nf4 axb3 15. axb3 Bxc3 16. Nxe6 Nxe6 17. f4 Bd4 18. Bxd4 Nexd4 19. f5 Qg5 20. f6 Ra2 21. Kh1 Rfa8 22. b4 Rd2 23. Qc1 Raa2 24. Ra1 h6 25.
Rxa2 Rxa2 26. Qb1 Qd2 27. Rg1 Nf3 28. Rd1 Qxg2# 0-1

[Event "*** Titled Tuesday Blitz"]
[Site "Chess.com"]
[Date "2020.04.14"]
[Round "8"]
[White "vanea_03"]
[Black "GasconJR"]
[Result "1-0"]
[WhiteElo "2609"]
[BlackElo "2452"]
[TimeControl "180+1"]
[EndTime "11:27:56 PDT"]
[Termination "vanea_03 won by resignation"]

1. Nf3 Nf6 2. g3 d5 3. Bg2 e6 4. O-O c5 5. d3 Nc6 6. Nbd2 Be7 7. e4 b6 8. Re1 Bb7 9. exd5 Nxd5 10. Nc4 O-O 11.
c3 Bf6 12. a4 Qd7 13. h4 Rad8 14.
Bg5 h6 15. Bxf6 Nxf6 16. Qe2 Qxd3 17. Qxd3 Rxd3 18. Nfe5 Nxe5 19. Nxe5 Bxg2 20. Nxd3 Be4 21. Ne5 g5 22. hxg5 hxg5 23. f3 Bd5 24. c4 Bb7 25. g4 Kg7 26. Kf2 a5 27. b3 Rd8 28. Rad1 Rb8 29. Nd7 Rd8 30. Nxf6 Rxd1 31. Nh5+ 1-0

[Event "*** Titled Tuesday Blitz"]
[Site "Chess.com"]
[Date "2020.04.14"]
[Round "8"]
[White "Pomegranate988"]
[Black "GuerrieroFromLevant"]
[Result "1-0"]
[WhiteElo "2505"]
[BlackElo "2359"]
[TimeControl "180+1"]
[EndTime "11:27:56 PDT"]
[Termination "Pomegranate988 won by resignation"]

1. d4 d5 2. c4 e6 3. Nf3 c5 4. cxd5 exd5 5. Nc3 Nf6 6. g3 Nc6 7.
Bg2 cxd4 8. Nxd4 Bc5 9. Nb3 Bb6 10. O-O d4 11. Na4 O-O 12. Nxb6 axb6 13. Bxc6 bxc6 14. Qxd4 Qxd4 15. Nxd4 c5 16. Nb5 Ba6 17. Nc7 Bxe2 18. Nxa8 Bxf1 19. Nxb6 Bd3 20. a4 Re8 21. Be3 Ng4 22. a5 Ne5 23. a6 Nf3+ 24. Kg2 Be4 25. Kh3 Re5 26. g4 h5 27. a7 hxg4+ 28. Kg3 f5 29.
a8=Q+ Bxa8 30. Rxa8+ Kh7 31. h3 1-0

[Event "*** Titled Tuesday Blitz"]
[Site "Chess.com"]
[Date "2020.04.14"]
[Round "8"]
[White "Saloni1299"]
[Black "Witaliss"]
[Result "0-1"]
[WhiteElo "2239"]
[BlackElo "2423"]
[TimeControl "180+1"]
[EndTime "11:27:57 PDT"]
[Termination "Witaliss won by resignation"]

1. e4 c6 2. d4 d5 3. e5 Bf5 4. h4 c5 5. dxc5 Nc6 6. Nf3 e6 7. Be3 Bg4 8. Bb5 Qa5+ 9. Nc3 O-O-O 10. Bxc6 bxc6 11. Qd4 Bxf3 12. gxf3 Ne7 13. b4 Qc7 14. f4 Nf5 15. Qd3 f6 16. Bd4 Be7 17. a4 Rhf8 18. b5 Nxd4 19. Qxd4 fxe5 20. fxe5 Rf5 21. f4 cxb5 22.
Nxb5 Bxc5 23. Qc3 Qb6 24. Nd6+ Rxd6 25. exd6 Qb4 26. Qxb4 Bxb4+ 27. Ke2 Rxf4 28. d7+ Kxd7 29. Rab1 a5 30. Rhg1 g6 31. h5 gxh5 32. Rg7+ Kd6 33. Rxh7 h4 34. Rh1 Rc4 35. Kd1 Rd4+ 36. Kc1 Bd2+ 37.
Kb1 Rxa4 38. R1xh4 d4 39. Rh8 Bc3 40. Rd8+ Ke7 0-1

[Event "*** Titled Tuesday Blitz"]
[Site "Chess.com"]
[Date "2020.04.14"]
[Round "8"]
[White "JustWatch000"]
[Black "juniortay"]
[Result "1-0"]
[WhiteElo "2624"]
[BlackElo "2476"]
[TimeControl "180+1"]
[EndTime "11:28:01 PDT"]
[Termination "JustWatch000 won by checkmate"]

1. Nh3 e5 2. g3 d5 3. Bg2 c5 4. O-O Nc6 5. d3 Be7 6. f4 Nf6 7. Nf2 exf4 8. Bxf4 d4 9. e4 dxe3 10.
Bxe3 O-O 11. Nd2 Nd5 12. Re1 Nxe3 13. Rxe3 Bf6 14. c3 Bg5 15. Re1 Bd7 16. Nde4 Be7 17. a3 Re8 18. b4 cxb4 19. axb4 a6 20. Nc5 Bxc5 21. Rxe8+ Qxe8 22. bxc5 Qe3 23. d4 Re8 24. Rc1 Be6 25. d5 Rd8 26. dxc6 Rxd1+ 27. Rxd1 Kf8 28.
cxb7 Qe5 29. Rd8+ Ke7 30. b8=Q Qe1+ 31. Bf1 Bc4 32. Qd6# 1-0

[Event "*** Titled Tuesday Blitz"]
[Site "Chess.com"]
[Date "2020.04.14"]
[Round "8"]
[White "vladimirdamjanovic"]
[Black "zmeeed67"]
[Result "1-0"]
[WhiteElo "2542"]
[BlackElo "2389"]
[TimeControl "180+1"]
[EndTime "11:28:06 PDT"]
[Termination "vladimirdamjanovic won by resignation"]

1. d4 d5 2. c4 e6 3. Nc3 c6 4.
Nf3 Nf6 5. Bg5 dxc4 6. e4 b5 7. e5 h6 8. Bh4 g5 9. Nxg5 Nd5 10.
Nxf7 Qxh4 11. Nxh8 Bb4 12. Rc1 c5 13. dxc5 Qe4+ 14.
Be2 Nf4 15. Rg1 Bb7 16. Kf1 Bxc3 17. bxc3 Qxe5 18. Qd8+ Kxd8 19. Nf7+ Kc7 20. Nxe5 Nc6 21. Nf7 Rf8 22. Nd6 Ne5 23. Nxb7 Nc6 24. Nd6 Ne5 25.
g3 1-0

[Event "*** Titled Tuesday Blitz"]
[Site "Chess.com"]
[Date "2020.04.14"]
[Round "8"]
[White "DDTerziev04"]
[Black "viktorko131"]
[Result "1-0"]
[WhiteElo "2269"]
[BlackElo "2118"]
[TimeControl "180+1"]
[EndTime "11:28:06 PDT"]
[Termination "DDTerziev04 won on time"]

1. e4 c5 2. Nf3 d6 3. d4 cxd4 4.
Qxd4 Nc6 5. Qe3 Nf6 6. Be2 g6 7.
O-O Bg7 8. c4 O-O 9. Rd1 Be6 10.
h3 Qa5 11. Nc3 Nb4 12. Qd2 Rac8 13. a3 Nc6 14. Rb1 Ne5 15. b3 Nxf3+ 16. Bxf3 Nd7 17. Bb2 Ne5 18. Be2 Nc6 19. Nd5 Qd8 20. Bxg7 Kxg7 21. f4 f6 22. Kh1 Bxd5 23. exd5 1-0

[Event "*** Titled Tuesday Blitz"]
[Site "Chess.com"]
[Date "2020.04.14"]
[Round "8"]
[White "Godzillator"]
[Black "arjwezhrtdrz"]
[Result "0-1"]
[WhiteElo "2336"]
[BlackElo "2210"]
[TimeControl "180+1"]
[EndTime "11:28:08 PDT"]
[Termination "arjwezhrtdrz won by resignation"]

1. d4 d6 2. c4 e5 3. d5 f5 4. e4 fxe4 5. Nc3 Nf6 6. Nge2 Be7 7. Ng3 O-O 8. Ngxe4 Nxe4 9. Nxe4 Bf5 10. Bd3 Bg6 11. O-O a5 12. Be3 b6 13. Rc1 Nd7 14. f3 Bxe4 15. Bxe4 Bg5 16. Qd2 Bxe3+ 17. Qxe3 h6 18.
Rce1 Qg5 19. Qd3 Nc5 20. Qc2 Rf6 21. a3 Raf8 22. b4 axb4 23. axb4 Nxe4 24. Qxe4 Rf4 25. Qd3 Rd4 26. Qc2 Rd2 27. Qxd2 Qxd2 28. b5 Qd4+ 29. Kh1 e4 30. f4 e3 31. f5 Qd2 32. g4 Ra8 33.
Rd1 e2 0-1

[Event "*** Titled Tuesday Blitz"]
[Site "Chess.com"]
[Date "2020.04.14"]
[Round "8"]
[White "Zubrrr"]
[Black "josiwales"]
[Result "1-0"]
[WhiteElo "2713"]
[BlackElo "2574"]
[TimeControl "180+1"]
[EndTime "11:28:10 PDT"]
[Termination "Zubrrr won by resignation"]

1. c4 e5 2. g3 Nc6 3. Nc3 Bc5 4. Bg2 d6 5. Nf3 a6 6. O-O h5 7. h3 Nf6 8. e3 Ba7 9. d4 Bf5 10. Qb3 Rb8 11. dxe5 dxe5 12. Rd1 Qe7 13. Nd5 Nxd5 14. cxd5 Nd8 15. Bd2 Bc5 16. e4 Bxe4 17. Qa4+ b5 18. Qxe4 f6 19. Nh4 Qd7 20. Qg6+ Qf7 21. Rac1 Bb6 22. Be4 Nb7 23. Qxf7+ Kxf7 24. Bg6+ Ke7 25. Nf5+ Kf8 26. Bb4+ 1-0

[Event "*** Titled Tuesday Blitz"]
[Site "Chess.com"]
[Date "2020.04.14"]
[Round "8"]
[White "Gaguna"]
[Black "JulAnt"]
[Result "1-0"]
[WhiteElo "2695"]
[BlackElo "2481"]
[TimeControl "180+1"]
[EndTime "11:28:11 PDT"]
[Termination "Gaguna won by resignation"]

1. d4 Nf6 2. Nf3 d6 3. c4 Nbd7 4. Nc3 e5 5. Bg5 Be7 6. e3 O-O 7. Qc2 c6 8. Be2 Re8 9. O-O Qc7 10. Rfd1 Nf8 11. Rac1 Ng6 12. h3 h6 13. Bxf6 Bxf6 14. Ne4 Be7 15. c5 d5 16. Nc3 Bf8 17. dxe5 Nxe5 18. Nxe5 Qxe5 19. b4 Bf5 20. Bd3 Bxd3 21.
Qxd3 g6 22. Ne2 Bg7 23. b5 Qe4 24. bxc6 bxc6 25. Qa6 Rab8 26. Qxc6 Rb2 27. Ng3 Qe7 28. Qxd5 Be5 29. Ne4 Kg7 30. Nd6 Rd8 31. Nf5+ gxf5 32. Qxd8 Qb7 33. c6 Qb5 34. Rd2 Rb1 35. Rxb1 Qxb1+ 36. Rd1 Qc2 37. Qd5 1-0

[Event "*** Titled Tuesday Blitz"]
[Site "Chess.com"]
[Date "2020.04.14"]
[Round "8"]
[White "Olkaa"]
[Black "1g41-0"]
[Result "1-0"]
[WhiteElo "2652"]
[BlackElo "2493"]
[TimeControl "180+1"]
[EndTime "11:28:12 PDT"]
[Termination "Olkaa won by resignation"]

1. e4 c5 2. Nf3 d6 3. d4 cxd4 4. Nxd4 Nf6 5. Nc3 a6 6. Be3 e5 7.
Nb3 Be7 8. f3 Be6 9. Qd2 O-O 10.
O-O-O Nbd7 11. g4 b5 12. g5 Nh5 13. Nd5 Bxd5 14. exd5 f5 15. gxf6 Rxf6 16. Na5 Qe8 17.
Nc6 Nf4 18. Bd3 Nf8 19. Be4 g6 20. h4 Kh8 21. h5 gxh5 22. Bxf4 Rxf4 23. Nxe7 Qxe7 24.
Rxh5 Qf7 25. Rdh1 a5 26. Qd3 Ra7 27. Qxb5 a4 28. Bxh7 Nxh7 29. Qb8+ Qg8 30. Qxa7 Rf7 31. Rxh7+ Rxh7 32. Qxh7+ Qxh7 33. Rxh7+ Kxh7 34. b4 axb3 35. cxb3 Kg6 36. a4 1-0

[Event "*** Titled Tuesday Blitz"]
[Site "Chess.com"]
[Date "2020.04.14"]
[Round "8"]
[White "SavelijTartakover"]
[Black "MarcoRiehle"]
[Result "1-0"]
[WhiteElo "2602"]
[BlackElo "2717"]
[TimeControl "180+1"]
[EndTime "11:28:18 PDT"]
[Termination "SavelijTartakover won by checkmate"]

1. d4 d5 2. c4 e6 3. Nf3 Nf6 4.
Bg5 Be7 5. e3 O-O 6. Nc3 h6 7.
Bh4 c6 8. Qc2 Nbd7 9. Rc1 b6 10.
cxd5 cxd5 11. Bd3 Bb7 12. O-O Rc8 13. Qb1 a6 14. h3 b5 15. Bg3 Qb6 16. Rc2 Ne4 17.
Bxe4 dxe4 18. Ne5 Nxe5 19. Bxe5 Bd5 20. Nxd5 exd5 21. Rfc1 Qb7 22. Rc7 Rxc7 23. Rxc7 Qb6 24. Rxe7 Rc8 25. Qd1 f6 26. Qg4 Rc1+ 27. Kh2 g5 28.
Qh5 fxe5 29. Qe8# 1-0

[Event "*** Titled Tuesday Blitz"]
[Site "Chess.com"]
[Date "2020.04.14"]
[Round "8"]
[White "GukeshDommaraju"]
[Black "DrBergerBerger"]
[Result "1/2-1/2"]
[WhiteElo "2700"]
[BlackElo "2531"]
[TimeControl "180+1"]
[EndTime "11:28:19 PDT"]
[Termination "Game drawn by repetition"]

1. e4 e6 2. d4 d5 3. exd5 exd5 4. Nf3 Nf6 5. Bd3 c5 6. dxc5 Bxc5 7. O-O O-O 8. Nbd2 Nc6 9. Nb3 Bb6 10. Bg5 h6 11. Bh4 g5 12. Bg3 Ne4 13. c3 Bg4 14.
Bxe4 dxe4 15. Qxd8 Raxd8 16. Ne5 Nxe5 17. Bxe5 Rd3 18.
Bd4 Bxd4 19. Nxd4 Rd2 20. Rab1 Be2 21. Nxe2 Rxe2 22. Rfe1 Rxe1+ 23. Rxe1 Rd8 24. Kf1 Rd2 25. Re2 Rd1+ 26. Re1 Rd2 27. Re2 Rd1+ 28. Re1 Rd2 1/2-1/2

[Event "*** Titled Tuesday Blitz"]
[Site "Chess.com"]
[Date "2020.04.14"]
[Round "8"]
[White "mapebo94"]
[Black "AlexTriapishko"]
[Result "0-1"]
[WhiteElo "1964"]
[BlackElo "2787"]
[TimeControl "180+1"]
[EndTime "11:28:19 PDT"]
[Termination "AlexTriapishko won by resignation"]

1. d4 Nf6 2. c4 g6 3. Nc3 d5 4.
cxd5 Nxd5 5. e4 Nxc3 6. bxc3 Bg7 7.
Nf3 c5 8. d5 O-O 9. Bd2 e6 10.
Bc1 exd5 11. exd5 Bxc3+ 12. Bd2 Qf6 13. Rc1 Re8+ 14. Be2 Bxd2+ 15. Qxd2 b6 16. O-O Ba6 17. Rfe1 Bxe2 18. Rxe2 Nd7 19. Rce1 Rxe2 20. Qxe2 Qd6 21. Rd1 Nf6 22. Ne1 Re8 23. Qf3 Qxd5 24. Qxd5 Nxd5 25.
Nf3 Nc3 26. Rd7 Nxa2 27. Rxa7 Nc3 28. Kf1 h6 29. Rb7 Nd5 30. Rd7 Nf6 31. Rd6 Re6 32.
Rd8+ Kg7 33. Rb8 Ne4 34. Ke2 g5 35. Ne1 b5 36. Nd3 c4 37. Nb4 Rd6 38. f3 Nc3+ 39.
Ke3 Nd5+ 40. Nxd5 Rxd5 41. Ke4 Rc5 42. Kd4 c3 43. Kxc5 c2 0-1

[Event "*** Titled Tuesday Blitz"]
[Site "Chess.com"]
[Date "2020.04.14"]
[Round "8"]
[White "keepitcool9499"]
[Black "GM-2023"]
[Result "1-0"]
[WhiteElo "2288"]
[BlackElo "2089"]
[TimeControl "180+1"]
[EndTime "11:28:19 PDT"]
[Termination "keepitcool9499 won on time"]

1. d4 Nf6 2. c4 g6 3. Nc3 d5 4. Nf3 Bg7 5. Bf4 O-O 6. e3 c5 7. dxc5 Qa5 8. Qa4 Qxc5 9. Be2 dxc4 10. Qxc4 Qxc4 11. Bxc4 Nc6 12. O-O Bf5 13. Rfd1 Rfd8 14. h3 Ne4 15. Nxe4 Bxe4 16. Ng5 Rxd1+ 17. Rxd1 Bf5 18.
e4 Be6 19. Bxe6 fxe6 20. Nxe6 Rc8 21. b3 1-0

[Event "*** Titled Tuesday Blitz"]
[Site "Chess.com"]
[Date "2020.04.14"]
[Round "8"]
[White "AlleyOoper"]
[Black "Frolyanov_D"]
[Result "1/2-1/2"]
[WhiteElo "2616"]
[BlackElo "2769"]
[TimeControl "180+1"]
[EndTime "11:28:20 PDT"]
[Termination "Game drawn by agreement"]

1. d4 Nf6 2. Bf4 d5 3. e3 e6 4.
Nf3 c5 5. Nbd2 Nc6 6. c3 Be7 7. h3 b6 8. Bd3 Bb7 9. O-O O-O 10. Ne5 Nxe5 11. Bxe5 Nd7 12. Bh2 f5 13. Nf3 Nf6 14. c4 Rc8 15. cxd5 Bxd5 16. Ba6 Ra8 17. Ne5 Nd7 18.
Qa4 Nxe5 19. Bxe5 cxd4 20. Qxd4 Bc5 21. Qc3 Qg5 22. Bg3 f4 23. exf4 Rxf4 24. Rad1 Rf3 25. Rxd5 Qxg3 26. Qxf3 Qxf3 27. gxf3 exd5 28. Rd1 Rd8 29.
Rxd5 Rxd5 30. Bc4 1/2-1/2

[Event "*** Titled Tuesday Blitz"]
[Site "Chess.com"]
[Date "2020.04.14"]
[Round "8"]
[White "Frogo47"]
[Black "LuckIsMySkill"]
[Result "0-1"]
[WhiteElo "2523"]
[BlackElo "2727"]
[TimeControl "180+1"]
[EndTime "11:28:20 PDT"]
[Termination "LuckIsMySkill won by resignation"]

1. e4 c5 2. Nf3 d6 3. c3 g6 4. Be2 Bh6 5. O-O Nc6 6. d4 Bxc1 7. Qxc1 cxd4 8. cxd4 Bg4 9. Nbd2 Rc8 10. Qd1 e5 11. d5 Bxf3 12. Nxf3 Nb8 13. Qa4+ Nd7 14. Qxa7 Qb6 15.
Qxb6 Nxb6 16. Rfc1 f6 17. Bb5+ Kd8 18. Rxc8+ Nxc8 19. a4 Kc7 20. Rc1+ Kb8 21. Nd2 f5 22. exf5 gxf5 23.
Nf3 Nf6 24. Rd1 Ne7 25. Ng5 Rc8 26. Nf7 Kc7 27. Nxe5 dxe5 28. d6+ Kd8 29. dxe7+ Kxe7 30. f3 Rc2 31. b3 b6 32. h3 Rb2 33. Bc4 h5 34. h4 e4 35. Re1 Kd6 36. Re2 Rb1+ 37. Kf2 Ke5 38. fxe4 Ng4+ 0-1

[Event "*** Titled Tuesday Blitz"]
[Site "Chess.com"]
[Date "2020.04.14"]
[Round "8"]
[White "chessintuit"]
[Black "VolodymyrMolyboha"]
[Result "1-0"]
[WhiteElo "2610"]
[BlackElo "2448"]
[TimeControl "180+1"]
[EndTime "11:28:21 PDT"]
[Termination "chessintuit won by resignation"]

1. e4 g6 2. d4 Bg7 3. Nc3 d6 4. f4 c6 5. Nf3 Bg4 6. Be2 d5 7. e5 e6 8. Be3 h5 9. Qd2 Nh6 10. O-O-O h4 11. Bf2 h3 12. gxh3 Bxf3 13. Bxf3 Nf5 14.
Bg4 Nh4 15. Na4 Nd7 16. Qb4 b5 17. Nc5 Bf8 18. Qc3 Nxc5 19. dxc5 a5 20. a4 bxa4 21.
Qa3 Be7 22. Qxa4 Qc7 23. Rd3 Rb8 24. Ra3 Ra8 25. Rb3 O-O 26. Rb6 Rfc8 27. Qb3 Ra7 28. Qd3 Bd8 29. Bxh4 Bxh4 30. Bxe6 Kg7 31. Bxc8 Qxc8 32.
Rg1 Bd8 33. f5 g5 34. f6+ Kg8 35. Rxg5+ 1-0

[Event "*** Titled Tuesday Blitz"]
[Site "Chess.com"]
[Date "2020.04.14"]
[Round "8"]
[White "DucksParadise"]
[Black "MacDaddyMac"]
[Result "0-1"]
[WhiteElo "2107"]
[BlackElo "2294"]
[TimeControl "180+1"]
[EndTime "11:28:21 PDT"]
[Termination "MacDaddyMac won by checkmate"]

1. e4 e5 2. Nf3 Nc6 3. Bc4 Bc5 4. b4 Bxb4 5. c3 Ba5 6. d4 Bb6 7. dxe5 Qe7 8. Qd5 Nh6 9. O-O Ng4 10. Ba3 Qe6 11. Qb5 Qg6 12. h3 Nxf2 13. Rxf2 Qg3 14.
Qb2 d6 15. exd6 Bxh3 16. dxc7 Qxg2# 0-1

[Event "*** Titled Tuesday Blitz"]
[Site "Chess.com"]
[Date "2020.04.14"]
[Round "8"]
[White "Danfii"]
[Black "HrvojeZagreb"]
[Result "1-0"]
[WhiteElo "2303"]
[BlackElo "2181"]
[TimeControl "180+1"]
[EndTime "11:28:21 PDT"]
[Termination "Danfii won by resignation"]

1. e4 d6 2. d4 Nd7 3. Nc3 Ngf6 4. Nf3 e5 5. Bc4 Be7 6. a4 a5 7.
O-O c6 8. h3 Qc7 9. Re1 h6 10. Be3 Nf8 11. Nh4 Nxe4 12. Nxe4 Bxh4 13. dxe5 d5 14. Nd6+ Kd8 15. Bxd5 cxd5 16. Qxd5 Be6 17. Qb5 Nd7 18. Rad1 Rb8 19. Nxf7+ Bxf7 20. Bb6 Be8 21.
Bxc7+ Kxc7 22. Qc4+ Kb6 23. Qxh4 1-0